 Dungeon Crawl Stone Soup version 0.31.0-32-g396128a36d (webtiles) character file.

Game seed: 17289085719561033423

5228 Pifto the Carver (level 10, -1/90 HPs)
             Began as a Minotaur Gladiator on Mar 16, 2024.
             Was a Follower of Uskayaw.
             Slain by a troll (6 damage)
             ... on level 11 of the Dungeon on Mar 17, 2024.
             The game lasted 01:34:30 (7188 turns).

Pifto the Carver (Minotaur Gladiator)               Turns: 7188, Time: 01:34:30

Health: -1/90      AC:  8    Str: 19    XL:     10   Next: 35%
Magic:  4/12       EV: 12    Int:  8    God:    Uskayaw [*.....]
Gold:   481        SH:  0    Dex: 14    Spells: 9/9 levels left

rFire   . . .        p - +3 scimitar of Interdependent Arising {vamp, rElec rC++ Will- rCorr}
rCold   + + .        (no shield)
rNeg    . . .        u - +0 ring mail of the Sun {-Tele rPois Int+3}
rPois   +            c - +0 hat
rElec   +            w - +0 cloak
rCorr   +            z - +0 pair of gloves
SInv    .            D - +0 pair of boots
Will    .....        A - amulet of regeneration
Stlth   +            (no ring)
HPRegen 1.15/turn    (no ring)
MPRegen 0.13/turn

%: no teleportation
@: no status effects
A: horns 2, retaliatory headbutt, talons 1, clumsy 1, sense surroundings 1,
noise suppression
a: Renounce Religion, Stomp


You were on level 11 of the Dungeon.
You worshipped Uskayaw.
Uskayaw was noncommittal.
You visited 2 branches of the dungeon, and saw 10 of its levels.

You collected 481 gold pieces.

Inventory:

Hand Weapons
 k - a +3 hand axe
 p - the +3 scimitar of Interdependent Arising (weapon) {vamp, rElec rC++ Will- rCorr}
   (You acquired it on level 3 of the Dungeon)

   rC++:      It greatly protects you from cold.
   rElec:     It insulates you from electricity.
   Will-:     It decreases your willpower.
   rCorr:     It protects you from acid and corrosion.
Missiles
 d - 3 throwing nets
 i - 2 curare-tipped darts
 l - 35 stones (quivered)
 x - 2 javelins
Armour
 c - a +0 hat (worn)
 e - a +0 plate armour
 j - +0 steam dragon scales
 u - the +0 ring mail of the Sun (worn) {-Tele rPois Int+3}
   (You found it on level 3 of the Dungeon)

   Int+3:     It affects your intelligence (+3).
   rPois:     It protects you from poison -Tele: It prevents most forms of
   teleportation.
 w - a +0 cloak (worn)
 z - a +0 pair of gloves (worn)
 D - a +0 pair of boots (worn)
Jewellery
 A - an amulet of regeneration (around neck)
 E - a +6 ring of dexterity
Talismans
 f - a flux talisman
Wands
 o - a wand of mindburst (27)
 r - a wand of charming (6)
 B - a wand of polymorph (6)
Scrolls
 a - a scroll of poison
 h - 2 scrolls of teleportation
 s - a scroll of torment
 t - a scroll of fear
 v - a scroll of immolation {unknown}
 y - a scroll of blinking
 C - a scroll of silence
Potions
 g - 2 potions of heal wounds {unknown}
 m - a potion of magic
 n - a potion of attraction {unknown}
 q - a potion of lignification


   Skills:
 + Level 8.7 Fighting
 * Level 12.4 Long Blades
 + Level 7.2 Throwing
 - Level 0.6 Armour
 - Level 3.6 Dodging
 - Level 2.3 Stealth
 + Level 5.2 Invocations


You had 9 spell levels left.
You didn't know any spells.
Your spell library contained the following spells:

 Spells                   Type           Power      Damage    Failure   Level
 Sandblast                Erth           0%         2d4       58%         1
 Call Canine Familiar     Summ           0%         N/A       92%         3
 Fugue of the Fallen      Necr           0%         N/A       92%         3
 Ozocubu's Armour         Ice            0%         N/A       92%         3
 Passwall                 Erth           0%         N/A       92%         3
 Sigil of Binding         Hex            0%         N/A       92%         3
 Stone Arrow              Conj/Erth      0%         3d7       92%         3
 Brom's Barrelling Bould  Conj/Erth      0%         2d3       100%        4
 Dimensional Bullseye     Hex/Tloc       0%         N/A       100%        4
 Manifold Assault         Tloc           0%         N/A       100%        4


Dungeon Overview and Level Annotations

Branches:
Dungeon (8/15)             Temple (1/1) D:6             Orc (0/2) D:11
   Lair: D:8-11

Altars:
Ashenzari
Cheibriados
Dithmenos
Gozag
Hepliaklqana
Kikubaaqudgha
Nemelex Xobeh
Okawaru
Qazlal
Ru
Sif Muna
Uskayaw
Wu Jian
Xom
Yredelemnul
Zin
The Shining One

Shops:
D:1 (


Innate Abilities, Weirdness & Mutations

You have a pair of horns on your head.
You reflexively headbutt those who attack you in melee.
You have sharp toenails.
You are clumsy. (Dex -2)
You passively map a small area around you.
You passively dampen the noise of your surroundings.


Message History

The troll closely misses you. You furiously retaliate!
You headbutt the troll! The troll closely misses you. The troll claws you!
The water moccasin bites you.
You slash the water moccasin!
You kill the water moccasin!
The troll bites you. The troll claws you. The troll barely misses you.
You slash the black bear!
You feel better.
The black bear is heavily wounded.
The troll bites you! The troll misses you. The troll claws you.
* * * LOW HITPOINT WARNING * * *
The black bear closely misses you. The black bear misses you.
The black bear claws you but does no damage.
You slash the black bear!
You feel better.
The black bear is severely wounded.
You slash the black bear!
You kill the black bear!
The troll bites you!
* * * LOW HITPOINT WARNING * * *
The troll claws you but does no damage. The troll barely misses you.
Aiming: Grand Finale
Press: ? - help, Shift-Dir - straight line, f - acid dragon, p - troll
Aim: an acid dragon The acid dragon explodes violently!!
The fungus is hit by a flying piece of the acid dragon!
The fungus begins to die.
The plant is hit by a flying piece of the acid dragon!
The plant begins to die.
The fungus is hit by a flying piece of the acid dragon!
The fungus begins to die.
You blow up the acid dragon!
The acid dragon scales are intact enough to wear.
Found a bullfrog corpse.
The troll bites you!
* * * LOW HITPOINT WARNING * * *
The troll claws you but does no damage. The troll claws you.
* * * LOW HITPOINT WARNING * * *
Okay, then.
You feel better. The komodo dragon bites you!
* * * LOW HITPOINT WARNING * * *
The troll bites you but does no damage. The troll claws you.
You die...

#......# * * ,
#......#...#....
, *
#......#...#....,
#......#....P...
, ,
#......#........
#......#........
#....!.#)...P...
#.....)#T...P...,
#......)@l....P.
,
####.####...PPP.,
, #.# †.PP..P #.+
,.....PP,, ###.#
, ....P.. , ,
#...# , ...P...
#...# ,...P.P. ,
, #...#####.PPP.P
, ######.........
,,


You could see a komodo dragon and a troll.

Vanquished Creatures
  A two-headed ogre (D:11)
  The ghost of middlethird the Magician, a novice VSCj (D:4)
  A hornet (D:7)
  6 yaks (D:7)
  Eustachio (D:5)
  A steam dragon (D:7)
  A water moccasin (D:11)
  An acid dragon (D:11)
  Duvessa (D:5)
  2 sky beasts (D:7)
  3 orc warriors
  4 black bears
  An ice beast (D:7)
  3 ogres
  2 kobold brigands
  5 bullfrogs
  3 wights (D:6)
  Dowan (D:5)
  A howler monkey (D:6)
  4 bombardier beetles
  A hound (D:5)
  A gnoll bouda (D:4)
  2 orc priests (D:3)
  A jelly (D:6)
  2 sleepcaps
  5 iguanas
  6 orc wizards
  A hound skeleton (D:3)
  8 gnolls
  7 adders
  3 white imps
  2 adder zombies (D:3)
  6 dart slugs
  2 ribbon worms
  21 orcs
  8 ball pythons
  7 endoplasms
  3 giant cockroaches
  8 goblins
  10 hobgoblins
  4 jackals
  20 kobolds
  5 quokkas
  8 bats
  3 frilled lizards
  A jackal zombie (D:3)
  20 rats
208 creatures vanquished.

Notes
Turn   | Place    | Note
-------+----------+-------------------------------------------
     0 | D:1      | Pifto the Minotaur Gladiator began the quest for the Orb.
     0 | D:1      | Reached XP level 1. HP: 18/18 MP: 0/0
   129 | D:1      | Reached skill level 4 in Long Blades
   131 | D:1      | Reached XP level 2. HP: 15/25 MP: 1/1
   287 | D:1      | Reached XP level 3. HP: 30/30 MP: 2/2
   788 | D:1      | Found a faded altar of an unknown god.
   845 | D:1      | Found Jivik's Weapon Emporium.
  1134 | D:2      | Reached XP level 4. HP: 35/38 MP: 3/3
  1200 | D:2      | Reached skill level 5 in Long Blades
  2002 | D:3      | Identified the +0 ring mail of the Sun {-Tele rPois Int+3}
  2064 | D:3      | Identified a scroll of acquirement
  2064 | D:3      | Acquired the +3 scimitar of Interdependent Arising {vamp,
                  | rElec rC++ Will- rCorr}
  2280 | D:3      | Reached XP level 5. HP: 25/45 MP: 4/4
  2480 | D:3      | Reached skill level 6 in Long Blades
  3163 | D:4      | Gained mutation: You passively dampen the noise of your
                  | surroundings. [potion of mutation]
  3163 | D:4      | Gained mutation: You passively map a small area around you.
                  | [potion of mutation]
  3163 | D:4      | Gained mutation: You are clumsy. (Dex -2) [potion of
                  | mutation]
  3163 | D:4      | Gained mutation: You have sharp toenails. [potion of
                  | mutation]
  3398 | D:4      | Reached XP level 6. HP: 17/52 MP: 5/5
  3912 | D:4      | Noticed a +0 dagger
  3913 | D:4      | Noticed a +0 hand axe
  3916 | D:4      | Found a hide-covered altar of Uskayaw.
  3930 | D:4      | Became a worshipper of Uskayaw the Reveller
  3959 | D:4      | Found a runed translucent gate.
  3959 | D:4      | Found a runed translucent gate.
  3960 | D:4      | Found a runed translucent gate.
  3963 | D:4      | Noticed middlethird's ghost (novice VSCj)
  3967 | D:4      | Reached * piety under Uskayaw
  3969 | D:4      | Reached skill level 7 in Long Blades
  4039 | D:4      | Reached ** piety under Uskayaw
  4041 | D:4      | Reached XP level 7. HP: 41/60 MP: 6/6
  4042 | D:4      | Reached *** piety under Uskayaw
  4045 | D:4      | Reached **** piety under Uskayaw
  4049 | D:4      | Killed middlethird's ghost
  4050 | D:4      | Reached skill level 5 in Fighting
  4050 | D:4      | Reached skill level 1 in Stealth
  4053 | D:4      | Reached ***** piety under Uskayaw
  4334 | D:5      | Entered Level 5 of the Dungeon
  4440 | D:5      | Reached skill level 8 in Long Blades
  4491 | D:5      | Noticed Duvessa
  4491 | D:5      | Noticed Dowan
  4506 | D:5      | Killed Duvessa
  4511 | D:5      | Killed Dowan
  4512 | D:5      | Reached XP level 8. HP: 44/69 MP: 1/7
  4708 | D:5      | Noticed Eustachio
  4759 | D:5      | Killed Eustachio
  4789 | D:5      | Acquired an amulet of regeneration
  4820 | D:5      | Reached skill level 9 in Long Blades
  4820 | D:5      | Reached skill level 5 in Throwing
  4820 | D:5      | Reached skill level 1 in Invocations
  5037 | D:5      | Found a snail-covered altar of Cheibriados.
  5276 | D:6      | Identified the +6 scale mail of Xineuzi {rF+}
  5311 | D:6      | Identified the +2 ring mail of Manungy {rC+ SInv}
  5414 | D:6      | Found a broken altar of Ashenzari.
  5610 | D:6      | Found a staircase to the Ecumenical Temple.
  5639 | D:6      | Reached skill level 10 in Long Blades
  5642 | D:6      | Reached XP level 9. HP: 78/78 MP: 8/10
  5875 | Temple   | Entered the Ecumenical Temple
  6286 | D:7      | Reached skill level 11 in Long Blades
  6622 | D:7      | Identified the +1 robe of Daffodils {rElec Int+3 Dex+2}
  6798 | D:7      | Found a shimmering altar of Xom.
  7043 | D:8      | You fall into a shaft and drop 3 floors!
  7048 | D:11     | Found a staircase to the Orcish Mines.
  7160 | D:11     | Reached XP level 10. HP: 88/88 MP: 12/12
  7162 | D:11     | Noticed a two-headed ogre
  7173 | D:11     | Killed a two-headed ogre
  7174 | D:11     | Reached skill level 12 in Long Blades
  7174 | D:11     | Reached skill level 5 in Invocations
  7184 | D:11     | Reached ****** piety under Uskayaw
  7188 | D:11     | Slain by a troll

Illustrated notes

Levels and vault maps discovered:
D:1:      onia_arrival_mini_maze, layout_rooms,
          hellmonk_ecumenical_altar_defaced_shrine, serial_shops, shop_statue,
          minmay_stone_trees_medium
D:2:      layout_basic, minmay_misc_feat_diagonals, minmay_misc_feat_five,
          minmay_rat_gold_closets
D:3:      layout_loops_corners, serial_undead, serial_undead_a, serial_undead_f,
          serial_undead_d, serial_undead_b
D:4:      layout_basic, dancing_weapons_uskayaw, gammafunk_ghost_nasty_kobolds,
          nicolae_grassy_gnolls
D:5:      dreamdust_elfheim, layout_basic, chei_slow_surprise, uniq_eustachio
D:6:      layout_cave_pools, nicolae_ashenzari_skybound,
          minmay_temple_entry_trees
D:7:      layout_basic, xom_teletrap_fun
D:8:      layout_rooms, overflow_temple_1_default, lemuel_tele_altar
D:11:     layout_irregular_city, due_lair_maze_entry_diamond, orc_0_dummy,
          evilmike_minifort
Temple:   nicolae_temple_bog_church

Skill      XL: |  1  2  3  4  5  6  7  8  9 10 |
---------------+-------------------------------+-----
Long Blades    | 4 5 6 7 8 10 11 12 | 12.4
Fighting       | 3 4 5 6 8 |  8.7
Throwing       | 3 4 5 6 7 |  7.2
Stealth        | 2 |  2.3
Invocations    | 2 4 5 |  5.2
Armour         | |  0.6
Dodging        | |  3.6

Action                     |  1- 3 |  4- 6 |  7- 9 | 10-12 || total
---------------------------+-------+-------+-------+-------++-------
  Melee: Long sword        |    72 |    24 |       |       ||    96
         Headbutt          |     9 |    14 |    47 |     6 ||    76
         Punch             |     1 |     2 |     2 |       ||     5
         Scimitar          |       |    80 |   217 |    21 ||   318
         Kick              |       |     7 |    55 |       ||    62
  Throw: Javelin           |    12 |    18 |       |       ||    30
         Stone             |     1 |    16 |    22 |       ||    39
         Throwing net      |     1 |     1 |       |       ||     2
         Dart              |       |     1 |       |       ||     1
 Invoke: Stomp             |       |       |     6 |       ||     6
         Grand Finale      |       |       |       |     1 ||     1
  Evoke: Wand              |       |       |    17 |       ||    17
    Use: Scroll            |     2 |     8 |     2 |       ||    12
         Potion            |       |     6 |     1 |     1 ||     8
   Stab: Sleeping          |       |     1 |     1 |       ||     2
         Paralysed         |       |       |    11 |     3 ||    14
 Armour: Leather armour    |    46 |    12 |       |       ||    58
         Ring mail         |       |    69 |   143 |    37 ||   249
         Skin              |       |     2 |     4 |       ||     6
  Dodge: Dodged            |    50 |    75 |   118 |    18 ||   261
